Map: Eternal Empire LE

Players

PtitDrogo

  • Race: Protoss Protoss
  • League: Master
  • Spawn Location: 7:00

ShoWTimE - Winner!

  • Race: Protoss Protoss
  • Spawn Location: 1:00

Event: DreamHack SC2 Masters 2020 Summer Europe

VOD

Have the link to the VOD?

Description

Time

  • Played on: July 9, 2020, 12:03 p.m.
  • Length: 10:45

All games in this series

Show
View Real Time Build Order
Export as new Build Order

PtitDrogo Protoss 

Build Orders: Nexus First, Phoenix Opening 

Get SALT Encoding   

  12  0:00  Probe  
  13  0:12  Probe  
  14  0:17  Pylon  
  14  0:24  Probe  
  15  0:32  Probe  
  15  0:40  Probe  
  17  0:59  Nexus  
  17  1:08  Gateway  
  17  1:11  Probe  
  18  1:15  Assimilator  
  18  1:20  Probe  
  18  1:24  Assimilator  
  19  1:28  Probe  
  20  1:37  Gateway, Probe  
  21  1:49  Probe  
  22  1:55  Cybernetics Core  
  22  2:01  Probe  
  23  2:14  Probe x2  
  25  2:21  Stalker x2  
  25  2:26  Probe x2  
  27  2:31  Warp Gate  
  27  2:35  Pylon  
  31  2:38  Probe x2  
  33  2:51  Stalker  
  35  2:52  Stalker  
  35  2:54  Probe  
  35  2:57  Probe  
  39  3:05  Stargate  
  39  3:09  Shield Battery  
  39  3:17  Pylon  
  39  3:26  Stalker, Zealot  
  43  3:33  Shield Battery  
  43  3:41  Phoenix  
  43  3:44  Probe  
  44  3:49  Gateway  
  44  3:54  Shield Battery  
  46  4:01  Gateway  
  46  4:05  Probe x2  
  46  4:15  Phoenix  
  48  4:18  Probe x2  
  49  4:25  Stalker x2  
  53  4:40  Pylon  
  53  4:44  Phoenix  
  53  4:58  Stalker x2  
  51  5:08  Stalker  
  51  5:09  Probe  
  51  5:11  Gateway, Zealot  
  51  5:13  Pylon  
  51  5:14  Assimilator  
  54  5:24  Stalker  
  54  5:25  Zealot  
  56  5:32  Shield Battery  
  56  5:33  Zealot x2  
  60  5:37  Phoenix  
  60  5:39  Probe x2  
  64  5:44  Pylon  
  64  5:54  Adept x2  
  68  5:57  Adept  
  67  6:06  Probe  
  67  6:08  Probe  
  62  6:18  Phoenix, Probe  
  62  6:20  Probe  
  63  6:30  Probe  
  62  6:40  Stalker  
  62  6:41  Phoenix  
  62  6:43  Probe x2  
  68  6:49  Adept x3  
  72  7:06  Phoenix  
  64  7:09  Stalker  
  62  7:17  Stalker  
  62  7:18  Zealot x2  
  62  7:19  Probe x2  
  66  7:27  Phoenix  
  64  7:32  Shield Battery  
  64  7:40  Stalker x2  
  64  7:43  Zealot  
  70  7:45  Shield Battery  
  70  7:51  Phoenix  
  70  7:52  Adept  
  74  8:06  Probe, Pylon  
  74  8:09  Twilight Council, Zealot  
  71  8:22  Adept x3  
  75  8:29  Phoenix  
  77  8:36  Charge  
  77  8:38  Stalker  
  65  8:47  Zealot x4  
  69  9:05  Pylon  
  69  9:07  Stalker x3  
  73  9:24  Zealot x2  
  73  9:31  Zealot x3  
  71  9:45  Stalker x2  
  67  9:55  Zealot x3  
  60  10:09  Zealot x2  
  62  10:20  Zealot x2  
  53  10:25  Zealot  
  45  10:34  Zealot  
Show
View Real Time Build Order
Export as new Build Order

ShoWTimE Protoss - Winner!

Build Orders:  

Get SALT Encoding   

  12  0:00  Probe  
  13  0:12  Probe  
  14  0:17  Pylon  
  14  0:24  Probe  
  15  0:32  Probe  
  15  0:36  Gateway  
  15  0:40  Probe  
  16  0:46  Assimilator  
  17  0:51  Probe  
  17  0:55  Assimilator  
  18  1:00  Probe  
  19  1:08  Gateway, Probe  
  19  1:17  Probe  
  20  1:25  Cybernetics Core  
  21  1:29  Probe  
  22  1:35  Pylon  
  22  1:41  Probe  
  23  2:00  Stalker  
  23  2:01  Stalker, Warp Gate  
  27  2:11  Robotics Facility  
  27  2:17  Pylon  
  27  2:30  Stalker  
  27  2:32  Stalker  
  31  2:45  Gateway  
  31  2:50  Immortal  
  35  3:08  Sentry  
  37  3:18  Warp Prism  
  37  3:20  Pylon  
  37  3:26  Pylon  
  38  3:49  Sentry  
  38  3:54  Immortal  
  44  3:57  Stalker  
  46  4:06  Pylon  
  42  4:30  Stalker x3  
  48  4:58  Stalker x3  
  50  5:11  Pylon  
  50  5:25  Adept x3  
  52  5:43  Gateway  
  52  5:45  Adept  
  52  5:46  Adept x2  
  58  5:55  Pylon  
  58  6:08  Stalker  
  56  6:21  Stalker x2  
  60  6:28  Pylon  
  60  6:36  Sentry  
  60  6:39  Sentry  
  62  6:46  Stalker  
  64  6:53  Sentry  
  54  7:18  Stalker x3  
  54  7:19  Zealot  
  60  7:25  Immortal  
  64  7:41  Adept  
  66  7:44  Zealot  
  68  7:51  Zealot  
  70  7:59  Stalker  
  72  8:06  Stalker  
  74  8:19  Stalker  
  66  8:27  Sentry  
  66  8:28  Zealot  
  68  8:41  Adept  
  68  8:46  Stalker  
  70  9:06  Stalker  
  64  9:17  Stalker  
  64  9:25  Sentry  
  64  9:28  Adept  
  63  9:44  Adept  
  57  10:02  Sentry  
  57  10:03  Sentry  
  53  10:38  Adept x3  
Tags
 
Add a new tag
Caveats
  • Supply blocks, unpowered buildings, or Contaminate may cause inaccurate times.
  • Supply counts are checked every 10 seconds.